 Dungeon Crawl Stone Soup version 0.32-a0-747-gc8563f6773 (webtiles) character file.

Game seed: 17171963561032003243

5968 Ruich the Skirmisher (level 10, -6/84 HPs)
             Began as a Demigod Hunter on Mar 17, 2024.
             Mangled by a yak (16 damage)
             ... on level 10 of the Dungeon.
             The game lasted 00:25:03 (10080 turns).

Ruich the Skirmisher (Demigod Hunter)              Turns: 10080, Time: 00:25:03

Health: -6/84      AC:  4    Str: 18    XL:     10   Next: 30%
Magic:  9/13       EV: 16    Int: 11    God:
Gold:   116        SH:  0    Dex: 29    Spells: 2/9 levels left

rFire   . . .        g - +2 shortbow (elec)
rCold   . . .        (shield currently unavailable)
rNeg    . . .        c - +0 leather armour
rPois   .            (no helmet)
rElec   .            (no cloak)
rCorr   .            f - +0 pair of gloves
SInv    .            (no boots)
Will    +....        d - amulet of magic regeneration
Stlth   +++          e - +6 ring of strength
HPRegen 0.34/turn    k - ring of wizardry
MPRegen 0.53/turn

%: wizardry (x1)
@: very slightly contaminated, hasted, very quick
A: high MP 1, forlorn, divine attributes
a: no special abilities


You were on level 10 of the Dungeon.
You visited 1 branch of the dungeon, and saw 10 of its levels.

You collected 536 gold pieces.
You spent 420 gold pieces at shops.


Innate Abilities, Weirdness & Mutations

You have an increased reservoir of magic. (+10% MP)
You shall have no god before yourself.
Your divine heritage dramatically boosts your attributes as you level up.


   Skills:
 + Level 6.9 Fighting
 * Level 10.2 Ranged Weapons
 + Level 6.1 Dodging
 - Level 4.3 Stealth
 + Level 0.3 Spellcasting
 * Level 5.2 Translocations


You had 2 spell levels left.
You knew the following spells:

 Your Spells              Type           Power      Damage    Failure   Level
g - Gell's Gravitas       Tloc           11%        N/A       6%          3
u - Passage of Golubria   Tloc           11%        N/A       19%         4

Your spell library contained the following spells:

 Spells                   Type           Power      Damage    Failure   Level
 Teleport Other           Tloc           11%        N/A       6%          3
 Manifold Assault         Tloc           11%        N/A       19%         4
 Fugue of the Fallen      Necr           0%         N/A       43%         3
 Inner Flame              Hex/Fire       0%         N/A       43%         3
 Ozocubu's Armour         Ice            0%         N/A       43%         3
 Tukima's Dance           Hex            0%         N/A       43%         3
 Animate Dead             Necr           0%         N/A       82%         4
 Flame Wave               Conj/Fire      0%         2d4       82%         4
 Sticky Flame             Fire/Alch      0%         2d4       82%         4
 Summon Blazeheart Golem  Fire/Summ      0%         N/A       82%         4
 Dispersal                Tloc           5%         N/A       95%         6
 Yara's Violent Unravell  Hex/Alch       0%         3d3       98%         5
 Haunt                    Necr/Summ      0%         N/A       100%        7
 Orb of Destruction       Conj           0%         9d5       100%        7
 Spellforged Servitor     Conj/Summ      0%         N/A       100%        7
 Disjunction              Tloc           5%         N/A       100%        8
 Infestation              Necr           0%         N/A       100%        8

Inventory:

Hand Weapons
 g - a +2 shortbow of electrocution (weapon)
Armour
 c - a +0 leather armour (worn)
 f - a +0 pair of gloves (worn)
Magical Staves
 t - a staff of alchemy {!a}
Jewellery
 d - an amulet of magic regeneration (around neck)
 e - a +6 ring of strength (left hand)
 k - a ring of wizardry (right hand)
Wands
 q - a wand of quicksilver (9)
Scrolls
 a - a scroll of teleportation {@r2}
 j - a scroll of fear {unknown}
 o - a scroll of fog
 p - a scroll of immolation
Potions
 b - a potion of haste {@q3}
 h - a potion of brilliance
 i - a potion of enlightenment {unknown}
 l - 4 potions of curing {@q1}
 m - a potion of ambrosia {unknown}
 n - a potion of resistance
 r - a potion of attraction {unknown}
 s - a potion of lignification {unknown}
 u - a potion of mutation {unknown}

Dungeon Overview and Level Annotations

Branches:
Dungeon (10/15) Zot: 26106  Temple (0/1) D:4             Orc (0/2) D:9
   Lair: D:8-11

Shops:
D:3 :   D:7 :   D:8 [   D:9 :

Annotations:
D:9 Erichola!, Erolcha

#......#
#.####.#.......#
#.# #.#.......# #.#
#.#.......#
#.####.#..o....#
#......# .Yo...#
#......# o...
#....^.####Y#######
#......Y@YY{.......
#...#######..####..
#... #..# #... #..#
#... ...# #. ...#
....# ..... ######


You could see 4 yaks.


Message History

The yak enters the passage of Golubria.
Unknown command.
Unknown command.
Unknown command.
The yak attacks as it pursues you! The yak gores you!
* * * LOW HITPOINT WARNING * * *
The yak gores you!
* * * LOW HITPOINT WARNING * * *
Unknown command.
Unknown command.
Casting: Passage of Golubria (dangerous; 19% risk of failure)
Confirm with . or Enter, or press ? or * to list all spells.
Aiming: Gell's Gravitas (dangerous; 6% risk of failure)
Press: ? - help, Dir - move target You miscast Gell's Gravitas.
You are very lightly contaminated with residual magic.
Nothing appears to happen.
The yak gores you.
* * * LOW HITPOINT WARNING * * *
The yak closely misses you.
Unknown command.
You feel yourself speed up. The yak closely misses you.
The yak completely misses you.
Unknown command.
You shoot an arrow. Lightning courses through the yak!
The yak is heavily wounded.
The yak misses you.
You shoot an arrow. The yak is heavily wounded.
The yak gores you!
You die...

Skill      XL: |  1  2  3  4  5  6  7  8  9 10 |
---------------+-------------------------------+-----
Stealth        | 1 2 3 4 |  4.3
Dodging        | 2 3 4 5 6 |  6.1
Fighting       | 2 3 4 5 6 |  6.9
Ranged Weapons | 4 5 6 7 8 9 10 | 10.2
Translocations | 1 3 4 5 |  5.2
Spellcasting   | |  0.3

Action                     |  1- 3 |  4- 6 |  7- 9 | 10-12 || total
---------------------------+-------+-------+-------+-------++-------
   Fire: Shortbow          |    96 |   179 |   242 |    57 ||   574
   Cast: Gell's Gravitas   |       |       |       |     2 ||     2
         Passage of Golubr |       |       |       |     1 ||     1
    Use: Scroll            |       |    11 |     9 |       ||    20
         Potion            |       |     1 |     2 |     1 ||     4
 Armour: Leather armour    |    26 |    44 |    65 |    20 ||   155
  Dodge: Dodged            |    25 |    53 |    70 |    18 ||   166

Levels and vault maps discovered:
D:1:      spicycebolla_arrival_clurvy, layout_basic, roderic_lattice_a
D:2:      minmay_skewed_foursquare, layout_basic, serial_aquarium,
          aquarium_bridge_island_small [aquarium_subvault_small_open,
          aquarium_subvault_wall, aquarium_subvault_bridge,
          aquarium_subvault_window, aquarium_subvault_balcony],
          aquarium_bridge_square [aquarium_subvault_bridge,
          aquarium_subvault_balcony, aquarium_subvault_bridge,
          aquarium_subvault_balcony], aquarium_window_fake,
          aquarium_window_corner, aquarium_window_fake, aquarium_window_fake,
          aquarium_view_2e, aquarium_view_2f, aquarium_balcony_3a,
          aquarium_pool_2
D:3:      layout_loops_cross, hellmonk_ecumenical_altar_arch_garden,
          serial_shops, shop
D:4:      layout_loops_ring, grunt_gozag_breadcrumbs,
          gammafunk_temple_overflow_forgotten, minmay_temple_entry_stoned_glass,
          uniq_edmund, uniq_natasha
D:5:      layout_cave_pools, corexii_shack
D:6:      layout_cave_pods, worldfamousw_hep_ancestral_shrine,
          general_overflow_altar
D:7:      layout_loops_corners, serial_shops, nicolae_shop_stone
D:8:      layout_layer_cave, serial_shops, kennysheep_mini_moat
D:9:      layout_cave_pools, nicolae_overflow_hidden_temple, orc_0_dummy,
          nicolae_shop_vocational, uniq_erolcha, uniq_joseph
D:10:     layout_stronghold, dpeg_lair_monsters

Notes
Turn   | Place    | Note
-------+----------+-------------------------------------------
     0 | D:1      | Ruich the Demigod Hunter began the quest for the Orb.
     0 | D:1      | Reached XP level 1. HP: 17/17 MP: 3/3
    16 | D:1      | Reached skill level 1 in Stealth
   426 | D:1      | Reached skill level 2 in Dodging
   426 | D:1      | Reached XP level 2. HP: 23/24 MP: 4/4
   428 | D:1      | Reached skill level 2 in Fighting
  1260 | D:2      | Reached skill level 4 in Ranged Weapons
  1303 | D:2      | Reached XP level 3. HP: 21/29 MP: 5/5
  1919 | D:2      | Reached XP level 4. HP: 34/37 MP: 6/6
  2107 | D:3      | Reached skill level 2 in Stealth
  2281 | D:3      | Found Vizuaky's Book Shoppe.
  2616 | D:3      | Noticed a phantom
  2688 | D:3      | Reached XP level 5. HP: 33/42 MP: 7/7
  2843 | D:3      | Reached skill level 5 in Ranged Weapons
  3006 | D:3      | Identified a scroll of acquirement
  3006 | D:3      | Acquired a +1 shortbow of electrocution
  3198 | D:4      | Found a staircase to the Ecumenical Temple.
  3317 | D:4      | Noticed Natasha
  3324 | D:4      | Killed Natasha
  3325 | D:4      | Reached skill level 3 in Fighting
  3345 | D:4      | Noticed Natasha
  3346 | D:4      | Killed Natasha
  3355 | D:4      | Reached XP level 6. HP: 51/51 MP: 8/8
  3400 | D:4      | Noticed Edmund
  3406 | D:4      | Noticed Natasha
  3415 | D:4      | Killed Edmund
  3416 | D:4      | Reached skill level 3 in Stealth
  3471 | D:4      | Killed Natasha
  4072 | D:5      | Entered Level 5 of the Dungeon
  4156 | D:5      | Noticed a hornet
  4208 | D:5      | Reached skill level 6 in Ranged Weapons
  4208 | D:5      | Reached XP level 7. HP: 58/58 MP: 9/9
  4389 | D:5      | Reached skill level 4 in Fighting
  4389 | D:5      | Reached skill level 4 in Stealth
  4397 | D:5      | Killed a hornet
  4556 | D:5      | Identified a potion of resistance
  4626 | D:5      | Learned a level 4 spell: Passage of Golubria
  4639 | D:6      | Reached skill level 3 in Dodging
  4677 | D:6      | Reached skill level 7 in Ranged Weapons
  4744 | D:6      | Reached skill level 1 in Translocations
  4744 | D:6      | Reached XP level 8. HP: 67/67 MP: 10/10
  5000 | D:6      | Reached skill level 2 in Translocations
  5656 | D:6      | Reached skill level 5 in Fighting
  5763 | D:7      | Reached skill level 4 in Dodging
  5952 | D:7      | Reached skill level 8 in Ranged Weapons
  6200 | D:7      | Found Hiahuasu's Book Boutique.
  6990 | D:8      | Reached skill level 3 in Translocations
  6990 | D:8      | Reached XP level 9. HP: 74/74 MP: 11/11
  7124 | D:8      | Found Leorab's Armour Shop.
  8157 | D:9      | Found a staircase to the Orcish Mines.
  8341 | D:9      | Noticed Erolcha
  8591 | D:9      | Found Qurghiep's Vocational Training.
  8597 | D:9      | Reached skill level 9 in Ranged Weapons
  8626 | D:9      | Reached skill level 6 in Fighting
  8626 | D:9      | Reached skill level 5 in Dodging
  8653 | D:9      | Reached skill level 4 in Translocations
  8760 | D:9      | Noticed Joseph
  8773 | D:9      | Killed Joseph
  9054 | D:9      | Reached XP level 10. HP: 47/84 MP: 13/13
  9191 | D:10     | Entered Level 10 of the Dungeon
  9303 | D:10     | Reached skill level 10 in Ranged Weapons
  9312 | D:10     | Reached skill level 5 in Translocations
  9320 | D:10     | Reached skill level 6 in Dodging
  9709 | D:3      | Bought a There-And-Back Book for 420 gold pieces
  9713 | D:3      | Learned a level 3 spell: Gell's Gravitas
 10080 | D:10     | Mangled by a yak

Vanquished Creatures
  Joseph (D:9)
  A hornet (D:5)
  A shadow (D:9)
  3 wyverns
  A wraith (D:10)
  13 yaks
  A steam dragon (D:9)
  Edmund (D:4)
  3 water moccasins
  3 black bears
  An ice beast (D:6)
  3 orc warriors
  A centaur (D:9)
  A phantom (D:3)
  3 bullfrogs
  A gnoll sergeant (D:9)
  3 scorpions
  3 wights (D:6)
  4 hounds
  A jelly (D:6)
  2 bombardier beetles
  4 orc priests
  2 gnoll boudas
  2 iguanas
  5 orc wizards (D:7)
  Natasha (thrice) (D:4)
  15 gnolls
  5 adders
  A shadow imp (D:7)
  2 dart slugs
  3 ribbon worms
  28 orcs
  4 bats
  7 endoplasms
  2 giant cockroaches (D:1)
  4 goblins
  7 hobgoblins
  4 jackals (D:2)
  4 quokkas
  5 ball pythons
  5 frilled lizards
  4 kobolds
  3 rats
170 creatures vanquished.

Table legend: (Time is in decaauts)
 A = Elapsed time spent in this place.
 B = Non-inter-level travel time spent in this place.
 C = Inter-level travel time spent in this place.
 D = Time resting spent in this place.
 E = Time spent auto-exploring this place.
 F = Levels seen in this place.
 G = Mean time per level.
                   A        B        C        D        E       F      G
               +--------+--------+--------+--------+--------+-----+--------+
         Total |  10152 |   9597 |    555 |   2011 |   5954 |  10 | 1015.2 |
       Dungeon |  10152 |   9597 |    555 |   2011 |   5954 |  10 | 1015.2 |
               +--------+--------+--------+--------+--------+-----+--------+

Top non-repeatable levels by time:
     D:8: 1460 daAuts
     D:7: 1281 daAuts
     D:3: 1149 daAuts
     D:6: 1102 daAuts
     D:1: 1071 daAuts
     D:2: 1022 daAuts
     D:9: 996 daAuts
     D:4: 971 daAuts
     D:5: 593 daAuts
    D:10: 503 daAuts

Table legend:
 A = Non-vault XP
 B = Vault XP
 C = Vault XP percentage of total XP
 D = Non-vault monster count
 E = Vault monster count
 F = Vault count percentage of total count
                 A         B        C        D         E       F
            +---------+---------+-------+---------+---------+-------
      Total |    7832 |     694 |   8.1 |     161 |       9 |   5.3
            +---------+---------+-------+---------+---------+-------
        D:1 |      26 |       0 |   0.0 |      16 |       0 |   0.0
        D:2 |      79 |      20 |  20.2 |      14 |       5 |  26.3
        D:3 |     238 |       0 |   0.0 |      34 |       0 |   0.0
        D:4 |     107 |     201 |  65.3 |      10 |       2 |  16.7
        D:5 |     760 |       2 |   0.3 |      16 |       1 |   5.9
        D:6 |     965 |       0 |   0.0 |      15 |       0 |   0.0
        D:7 |     610 |       0 |   0.0 |      19 |       0 |   0.0
        D:8 |     806 |       0 |   0.0 |       7 |       0 |   0.0
        D:9 |    2380 |     471 |  16.5 |      20 |       1 |   4.8
       D:10 |    1861 |       0 |   0.0 |      10 |       0 |   0.0
            +---------+---------+-------+---------+---------+-------
